 Dungeon Crawl Stone Soup version 0.26-a0-737-g4e9f4955e2 (webtiles) character file.

Game seed: 18237093462481505851

32 Forecaster the Stinger (level 3, -1/28 HPs)
             Began as a Naga Venom Mage on Nov 4, 2020.
             Slain by a gnoll
             ... wielding a +0 halberd
              (8 damage)
             ... on level 1 of the Dungeon.
             The game lasted 00:03:08 (991 turns).

Forecaster the Stinger (Naga Venom Mage)             Turns: 991, Time: 00:03:09

Health: -1/28      AC:  2    Str: 10    XL:     3   Next: 27%
Magic:  7/7        EV: 10    Int: 16    God:
Gold:   32         SH:  0    Dex: 11    Spells: 4/7 levels left

rFire    . . .     SeeInvis +   e - +2 hand axe (freeze)
rCold    . . .     Faith    .   (no shield)
rNeg     . . .     Spirit   .   a - +0 robe
rPois    +         Reflect  .   (no helmet)
rElec    .         Harm     .   (no cloak)
rCorr    .         Rampage  .   (no gloves)
MR       .....                  (no barding)
Stlth    ++........             (no amulet)
HPRegen  0.09/turn              (no ring)
MPRegen  0.10/turn              (no ring)

@: very slow
A: large, see invisible, deformed body, poison resistance, slowness 2, spit
poison 1, AC +1
a: Spit Poison


You were on level 1 of the Dungeon.
You visited 1 branch of the dungeon, and saw 1 of its levels.

You collected 32 gold pieces.

Inventory:

Hand Weapons
 b - a +0 dagger of draining
 e - a +2 hand axe of freezing (weapon)
Armour
 a - a +0 robe (worn)
Jewellery
 g - an uncursed amulet of magic regeneration {unknown}
Scrolls
 c - a scroll of teleportation {unknown}
 f - a scroll of identify {unknown}
 h - a scroll of enchant weapon {unknown}
Potions
 d - a potion of heal wounds {unknown}
 i - a potion of curing {unknown}


   Skills:
 + Level 0.4 Axes
 + Level 1.5 Dodging
 + Level 3.1 Stealth
 + Level 2.7 Spellcasting
 + Level 1.2 Transmutations
 + Level 0.1 Air Magic
 + Level 4.5 Poison Magic


You had 4 spell levels left.
You knew the following spells:

 Your Spells              Type           Power        Failure   Level
a - Sting                 Tmut/Pois      ##..         6%          1
b - Poisonous Vapours     Pois/Air       #.....       12%         2

Your spell library contained the following spells:

 Spells                   Type           Power        Failure   Level
 Ignite Poison            Fire/Tmut/Pois #.......     26%         3
 Mephitic Cloud           Conj/Pois/Air  #.......     30%         3
 Olgreb's Toxic Radiance  Pois           ###.....     30%         4


Dungeon Overview and Level Annotations

Branches:
Dungeon (1/15)

Altars:


Innate Abilities, Weirdness & Mutations

You cannot wear boots.
Your serpentine skin is tough. (AC +1)
You have supernaturally acute eyesight. (SInv)
Armour fits poorly on your strangely shaped body.
Your system is resistant to poisons. (rPois)
You cover ground very slowly.
You can spit poison.


Message History

You start resting.
HP restored.
Magic restored.
A gnoll comes into view. It is wielding a +0 halberd.
The gnoll shouts!
The gnoll closely misses you.
You slash the gnoll! You freeze the gnoll.
The gnoll is severely wounded.
The gnoll hits you with a +0 halberd. The gnoll hits you with a +0 halberd!
You barely miss the gnoll.
The gnoll is severely wounded.
The gnoll barely misses you.
You closely miss the gnoll.
The gnoll is severely wounded.
The gnoll hits you with a +0 halberd.
* * * LOW HITPOINT WARNING * * *
You barely miss the gnoll.
The gnoll is heavily wounded.
The gnoll hits you with a +0 halberd!
You die...

##.##
#.......#
#.#
##......#
####.####
g..†#.#
#.......#
g#....>
#.##.##.#
.#w##.#
#.##.##.#
w. . #
#.#..##.#
.l ..
#g#.###.#
#@#.###.#
#.......#
####.####
#.# #.#
#.# #.#
#.# #..


You could see a gnoll.

Vanquished Creatures
  3 dart slugs (D:1)
  2 leopard geckos (D:1)
  A bat (D:1)
  4 giant cockroaches (D:1)
  A goblin (D:1)
  3 hobgoblins (D:1)
  A frilled lizard (D:1)
  A kobold (D:1)
  9 rats (D:1)
25 creatures vanquished.

Notes
Turn   | Place    | Note
-------+----------+-------------------------------------------
     0 | D:1      | Forecaster the Naga Venom Mage began the quest for the Orb.
     0 | D:1      | Reached XP level 1. HP: 15/15 MP: 3/3
   352 | D:1      | Reached XP level 2. HP: 22/22 MP: 1/5
   356 | D:1      | Learned a level 2 spell: Poisonous Vapours
   884 | D:1      | Reached XP level 3. HP: 25/28 MP: 1/6
   991 | D:1      | Slain by a gnoll

Illustrated notes

Levels and vault maps discovered:
D:1:      sevenhm_arrival_forest_fort_large_2, layout_loops_cross,
          minmay_heptomino_h4

Action                   || total
-------------------------++-------
Melee: Dagger            ||     6
       Hand axe          ||    17
 Cast: Sting             ||     9
       Poisonous Vapours ||    14
Armor: Robe              ||     3
Dodge: Dodged            ||    17

Table legend: (Time is in decaauts)
 A = Elapsed time spent in this place.
 B = Non-inter-level travel time spent in this place.
 C = Inter-level travel time spent in this place.
 D = Time resting spent in this place.
 E = Time spent auto-exploring this place.
 F = Levels seen in this place.
 G = Mean time per level.
                   A        B        C        D        E       F      G
               +--------+--------+--------+--------+--------+-----+--------+
         Total |   1124 |   1124 |      0 |    349 |    560 |   1 | 1124.0 |
       Dungeon |   1124 |   1124 |      0 |    349 |    560 |   1 | 1124.0 |
               +--------+--------+--------+--------+--------+-----+--------+

Top non-repeatable levels by time:
     D:1: 1124 daAuts
